Stars vs BlackHawks

Created - October 30, 2016 at 12:07

Goals
1 2 3 T
Stars 0 0 0 0
BlackHawks 1 3 0 4
Shots
1 2 3 T
Stars 5 7 11 23
BlackHawks 16 13 8 37

1st period

1. BlackHawks , Ryan OReilly 5 (Willie Mitchell, Tom Wilson) at 0:24

Penalties :
Kris Letang (DAL) for Hooking (Minor) at 12:54

2nd period

2. BlackHawks , Ryan OReilly 6 (Artemi Panarin, John-Michael Liles) at 2:08
3. BlackHawks , Jack Eichel 3 (Alex Galchenyuk, Michael McCarron) at 6:33
4. BlackHawks , Sam Bennett 2 (Adam McQuaid) at 17:14

Penalties :
Dion Phaneuf (CHI) for Hooking (Minor) at 13:58, Cody McLeod (DAL) for Interference (Minor) at 19:33

3rd period

No Goal

Penalties :
Mark Stuart (DAL) for Holding (Minor) at 11:59, Dion Phaneuf (CHI) for Interference (Minor) at 16:42

Goalie Stats

Jonathan Quick (DAL), 33 saves from 37 shots - (0.892), L, 3-5-0, 60:00 minutes
Craig Anderson (CHI), 23 saves from 23 shots - (1.000), W, 3-3-1, 60:00 minutes

Players Stats for Stars

Player Name              G  A  P  +/- PIM S  H  SB GA TA FO     MP     PP MP  PK MP  
------------------------------------------------------------------------------------
Adam Pardy               0  0  0  -3  0   0  0  0  0  0  0/0    19:38   0:00   0:08 
Brad Malone              0  0  0   0  0   0  0  0  0  0  0/2     4:12   0:00   0:00 
Brandon Manning          0  0  0   0  0   0  0  0  0  0  0/0     0:00   0:00   0:00 
Clayton Stoner           0  0  0  -1  0   0  4  2  0  0  0/0    14:37   0:00   2:13 
Cody McLeod              0  0  0   0  2   5  3  0  0  0  0/0    13:52   0:00   0:00 
David Backes             0  0  0  -1  0   3  8  2  0  0  14/26  23:19   1:36   2:58 
Duncan Keith             0  0  0   0  0   0  0  2  0  0  0/0    23:32   1:47   3:34 
John Mitchell            0  0  0   0  0   2  0  0  0  0  12/19  13:53   0:00   0:00 
Jonathan Huberdeau       0  0  0  -3  0   2  0  0  0  0  1/2    19:49   2:22   0:00 
Kris Letang              0  0  0  -3  2   1  4  1  0  0  0/0    25:29   1:47   1:58 
Mark Stuart              0  0  0   0  2   2  0  0  0  0  0/0    19:41   2:11   1:35 
Nikita Kucherov          0  0  0  -1  0   1  0  0  0  0  0/0    21:07   2:22   0:00 
Olli Maatta              0  0  0  -1  0   0  1  1  0  0  0/0    17:01   2:11   2:26 
Patrik Elias             0  0  0  -1  0   0  1  1  0  0  0/6    19:08   1:36   2:59 
Rob Scuderi              0  0  0   0  0   0  0  0  0  0  0/0     0:00   0:00   0:00 
Ryan Callahan            0  0  0  -3  0   2  4  0  0  0  0/0    22:01   1:36   2:58 
Sidney Crosby            0  0  0  -3  0   4  0  0  0  0  14/25  22:48   2:22   2:59 
Tyler Gaudet             0  0  0   0  0   1  0  0  0  0  0/0    13:53   0:00   0:00 

Players Stats for BlackHawks

Player Name              G  A  P  +/- PIM S  H  SB GA TA FO     MP     PP MP  PK MP  
------------------------------------------------------------------------------------
Adam McQuaid             0  1  1   2  0   0  1  1  0  0  0/0    17:13   0:00   2:16 
Alex Galchenyuk          0  1  1   1  0   6  0  0  0  0  1/1    18:02   1:34   0:00 
Artemi Panarin           0  1  1   2  0   0  0  0  0  0  0/2    21:09   4:23   0:00 
Deryk Engelland          0  0  0   0  0   2  0  0  0  0  0/0     9:25   0:00   1:50 
Dion Phaneuf             0  0  0   1  4   0  1  1  0  0  0/0    19:50   2:27   0:00 
Jack Eichel              1  0  1   1  0   5  0  0  0  0  6/15   18:02   1:34   0:00 
Jake Virtanen            0  0  0   0  0   1  1  0  0  0  0/1     7:35   0:00   0:00 
Jason Chimera            0  0  0   1  0   2  0  0  0  0  0/0     9:16   0:00   0:00 
Jason Demers             0  0  0   1  0   0  2  1  0  0  0/0    21:06   3:30   1:17 
John Klingberg           0  0  0   1  0   0  0  0  0  0  0/0    23:29   3:30   1:10 
John-Michael Liles       0  1  1   2  0   1  0  1  0  0  0/0    17:49   2:27   0:25 
Michael McCarron         0  1  1   1  0   2  5  0  0  0  1/2    18:02   1:34   0:00 
Ryan OReilly             2  0  2   2  0   9  0  0  0  0  17/32  23:17   4:23   2:08 
Sam Bennett              1  0  1   1  0   4  3  1  0  0  9/18   13:39   4:23   0:00 
Tom Wilson               0  1  1   2  0   1  5  0  0  0  0/0    18:54   0:00   2:08 
Trevor Lewis             0  0  0   0  0   0  0  0  0  0  5/9     9:25   0:00   1:50 
Willie Mitchell          0  1  1   1  0   1  2  0  0  0  0/0    20:31   0:00   2:48 
Zack Kassian             0  0  0   1  0   3  1  0  0  0  0/0     9:16   0:00   0:00 

3 Stars

1 - Craig Anderson (CHI)
2 - Ryan OReilly (CHI)
3 - Sam Bennett (CHI)

Power Play

Stars - 0 on 2 Attempt(s) - 0.00%
BlackHawks - 0 on 3 Attempt(s) - 0.00%

Penalty Kill

Stars - 3 on 3 Attempt(s) - 100.00% - Score 0 goal in Penalty Kill
BlackHawks - 2 on 2 Attempt(s) - 100.00% - Score 0 goal in Penalty Kill

Team Stat

Stars - Hits : 25 - Faceoff Wins : 41 - Blocked Shots : 9 - Penalty Minutes : 6
BlackHawks - Hits : 21 - Faceoff Wins : 39 - Blocked Shots : 5 - Penalty Minutes : 4

Official

Referees : TJ Luxmore and Jean Hebert
Linesman : Bryan Pancich and John Grandt

Game Notes

No Game Note

Finance

Level 1 -- Attendance: 5616 (86.40%) -- Ticket Income $617,760
Level 2 -- Attendance: 5000 (100.00%) -- Ticket Income $375,000
Level 3 -- Attendance: 3105 (88.71%) -- Ticket Income $173,880
Level 4 -- Attendance: 2730 (73.45%) -- Ticket Income $109,200
Luxury Box -- Attendance: 935 (93.50%) -- Ticket Income $186,065
Game was played at the United Center.
Total Attendance: 17386 (88.18%)
Total Ticket Income: $1,461,905
Other Income: $219,286
Total Income: $1,681,191

% Time on Ice - Stars

Lines # - Real PCT - Wanted PCT - Time Play
Normal Forward
1 - 35% - 38% - 17:27
2 - 29% - 35% - 14:33
3 - 28% - 15% - 13:53
4 - 8% - 12% - 4:12
Normal Defense
1 - 39% - 40% - 19:30
2 - 32% - 35% - 15:56
3 - 25% - 15% - 12:24
4 - 4% - 10% - 2:15
PP Forward
1 - 60% - 50% - 2:22
2 - 40% - 50% - 1:36
PP Defense
1 - 45% - 50% - 1:47
2 - 55% - 50% - 2:11
PK Forward
1 - 50% - 50% - 2:58
2 - 50% - 50% - 2:59
PK Defense
1 - 41% - 50% - 2:26
2 - 59% - 50% - 3:31
PK3 Forward
1 - 0% - 50%
2 - 0% - 50%
PK3 Defense
1 - 0% - 50%
2 - 0% - 50%
44 Forward
1 - 0% - 50%
2 - 0% - 50%
44 Defense
1 - 0% - 50%
2 - 0% - 50%
Last Minute Offensive  - 0:00
Last Minute Defensive  - 0:00
Total
Forward - 60:00
Defense - 60:00

% Time on Ice - BlackHawks

Lines # - Real PCT - Wanted PCT - Time Play
Normal Forward
1 - 33% - 33% - 16:46
2 - 33% - 32% - 16:28
3 - 19% - 20% - 9:16
4 - 15% - 15% - 7:35
Normal Defense
1 - 35% - 37% - 17:43
2 - 33% - 34% - 16:19
3 - 30% - 29% - 14:57
4 - 2% - 0% - 1:06
PP Forward
1 - 74% - 60% - 4:23
2 - 26% - 40% - 1:34
PP Defense
1 - 59% - 60% - 3:30
2 - 41% - 40% - 2:27
PK Forward
1 - 54% - 55% - 2:08
2 - 46% - 45% - 1:50
PK Defense
1 - 32% - 50% - 1:17
2 - 68% - 50% - 2:41
PK3 Forward
1 - 0% - 50%
2 - 0% - 50%
PK3 Defense
1 - 0% - 55%
2 - 0% - 45%
44 Forward
1 - 0% - 55%
2 - 0% - 45%
44 Defense
1 - 0% - 55%
2 - 0% - 45%
Last Minute Offensive  - 0:00
Last Minute Defensive  - 0:00
Total
Forward - 60:00
Defense - 60:00

Play by Play

1st period


0:01 of 1st period - Sidney Crosby wins face-off versus Ryan OReilly in neutral zone.
0:18 of 1st period - Shot by Tom Wilson.
0:18 of 1st period - Stopped by Jonathan Quick with a rebound.
0:24 of 1st period - Shot by Ryan OReilly.
0:24 of 1st period - Goal by Ryan OReilly - Stars : 0 - BlackHawks : 1.
0:25 of 1st period - Jack Eichel wins face-off versus David Backes in neutral zone.
0:47 of 1st period - Dion Phaneuf is hit by David Backes.
0:53 of 1st period - Shot by Alex Galchenyuk.
0:53 of 1st period - Shot Blocked by Patrik Elias.
1:20 of 1st period - Icing by Dion Phaneuf.
1:21 of 1st period - Jack Eichel wins face-off versus John Mitchell in BlackHawks zone.
1:30 of 1st period - Shot by Cody McLeod.
1:30 of 1st period - Stopped by Craig Anderson with a rebound.
1:41 of 1st period - Icing by Cody McLeod.
1:42 of 1st period - John Mitchell wins face-off versus Sam Bennett in Stars zone.
1:42 of 1st period - John Mitchell is hit by Sam Bennett.
2:19 of 1st period - Shot by Jason Chimera.
2:19 of 1st period - Stopped by Jonathan Quick with a rebound.
2:21 of 1st period - Shot by John-Michael Liles.
2:21 of 1st period - Stopped by Jonathan Quick without a rebound.
2:22 of 1st period - Sidney Crosby wins face-off versus Ryan OReilly in Stars zone.
2:44 of 1st period - Ryan Callahan is hit by Willie Mitchell and loses puck.
3:22 of 1st period - Icing by Jason Demers.
3:23 of 1st period - Trevor Lewis wins face-off versus David Backes in BlackHawks zone.
3:23 of 1st period - Trevor Lewis is hit by David Backes.
3:49 of 1st period - Shot by Deryk Engelland.
3:49 of 1st period - Stopped by Jonathan Quick without a rebound.
3:50 of 1st period - Sam Bennett wins face-off versus John Mitchell in Stars zone.
3:51 of 1st period - Shot by Zack Kassian.
3:51 of 1st period - Stopped by Jonathan Quick without a rebound.
3:52 of 1st period - Sam Bennett wins face-off versus John Mitchell in Stars zone.
3:55 of 1st period - Shot by John-Michael Liles.
3:55 of 1st period - Shot Blocked by Clayton Stoner.
4:11 of 1st period - Shot by Tyler Gaudet.
4:11 of 1st period - Stopped by Craig Anderson without a rebound.
4:12 of 1st period - Jack Eichel wins face-off versus David Backes in BlackHawks zone.
4:29 of 1st period - Shot by Alex Galchenyuk.
4:29 of 1st period - Shot Misses the Net.
4:31 of 1st period - Shot by Alex Galchenyuk.
4:31 of 1st period - Stopped by Jonathan Quick without a rebound.
4:32 of 1st period - Ryan OReilly wins face-off versus Sidney Crosby in Stars zone.
5:04 of 1st period - Ryan OReilly is hit by Kris Letang and loses puck.
6:56 of 1st period - Shot by Cody McLeod.
6:56 of 1st period - Stopped by Craig Anderson without a rebound.
6:57 of 1st period - Sam Bennett wins face-off versus Sidney Crosby in BlackHawks zone.
7:14 of 1st period - Shot by Sam Bennett.
7:14 of 1st period - Stopped by Jonathan Quick with a rebound.
7:16 of 1st period - Shot by John-Michael Liles.
7:16 of 1st period - Shot Misses the Net.
7:18 of 1st period - Shot by Zack Kassian.
7:18 of 1st period - Shot Misses the Net.
9:12 of 1st period - Shot by Alex Galchenyuk.
9:12 of 1st period - Shot Misses the Net.
9:18 of 1st period - Shot by Alex Galchenyuk.
9:18 of 1st period - Stopped by Jonathan Quick with a rebound.
9:50 of 1st period - Shot by John Mitchell.
9:50 of 1st period - Shot Misses the Net.
10:38 of 1st period - Shot by Zack Kassian.
10:38 of 1st period - Shot Blocked by Duncan Keith.
10:40 of 1st period - Shot by Sam Bennett.
10:40 of 1st period - Stopped by Jonathan Quick without a rebound.
10:41 of 1st period - David Backes wins face-off versus Ryan OReilly in Stars zone.
10:41 of 1st period - Nikita Kucherov is hit by Tom Wilson and loses puck.
11:06 of 1st period - Shot by Ryan OReilly.
11:06 of 1st period - Shot Blocked by Clayton Stoner.
11:22 of 1st period - Shot by Artemi Panarin.
11:22 of 1st period - Deflect By Ryan OReilly.
11:22 of 1st period - Stopped by Jonathan Quick without a rebound.
11:23 of 1st period - John Mitchell wins face-off versus Jack Eichel in Stars zone.
11:23 of 1st period - John Mitchell is hit by Michael McCarron.
11:31 of 1st period - Alex Galchenyuk is hit by Cody McLeod and loses puck.
11:40 of 1st period - Shot by John Mitchell.
11:40 of 1st period - Stopped by Craig Anderson without a rebound.
11:41 of 1st period - Sam Bennett wins face-off versus Jonathan Huberdeau in BlackHawks zone.
11:46 of 1st period - Shot by Jonathan Huberdeau.
11:46 of 1st period - Shot Misses the Net.
12:35 of 1st period - Off-side.
12:36 of 1st period - John Mitchell wins face-off versus Jack Eichel in neutral zone.
12:47 of 1st period - Shot by Tyler Gaudet.
12:47 of 1st period - Shot Misses the Net.
12:54 of 1st period - Minor Penalty to Kris Letang for Hooking.
12:55 of 1st period - Sidney Crosby wins face-off versus Ryan OReilly in Stars zone.
12:55 of 1st period - Sidney Crosby is hit by Sam Bennett.
13:11 of 1st period - Shot by John Klingberg.
13:11 of 1st period - Shot Misses the Net.
13:27 of 1st period - Shot by Ryan OReilly.
13:27 of 1st period - Shot Blocked by Olli Maatta.
13:29 of 1st period - Shot by Sam Bennett.
13:29 of 1st period - Stopped by Jonathan Quick without a rebound.
13:30 of 1st period - Jack Eichel wins face-off versus Patrik Elias in Stars zone.
13:41 of 1st period - Shot by Dion Phaneuf.
13:41 of 1st period - Shot Misses the Net.
13:51 of 1st period - Shot by Jack Eichel.
13:51 of 1st period - Stopped by Jonathan Quick without a rebound.
13:52 of 1st period - Sam Bennett wins face-off versus Patrik Elias in Stars zone.
13:53 of 1st period - Shot by Ryan OReilly.
13:53 of 1st period - Shot Misses the Net.
15:03 of 1st period - Icing by Cody McLeod.
15:04 of 1st period - John Mitchell wins face-off versus Michael McCarron in Stars zone.
15:04 of 1st period - John Mitchell is hit by Michael McCarron.
15:40 of 1st period - Icing by Jack Eichel.
15:41 of 1st period - David Backes wins face-off versus Jack Eichel in BlackHawks zone.
16:49 of 1st period - Icing by Jonathan Huberdeau.
16:50 of 1st period - Sidney Crosby wins face-off versus Sam Bennett in Stars zone.
17:03 of 1st period - Shot by Zack Kassian.
17:03 of 1st period - Stopped by Jonathan Quick without a rebound.
17:04 of 1st period - John Mitchell wins face-off versus Jake Virtanen in Stars zone.
17:37 of 1st period - Shot by John Mitchell.
17:37 of 1st period - Deflect By Cody McLeod.
17:37 of 1st period - Stopped by Craig Anderson without a rebound.
17:38 of 1st period - David Backes wins face-off versus Ryan OReilly in BlackHawks zone.
17:53 of 1st period - Shot by Artemi Panarin.
17:53 of 1st period - Shot Misses the Net.
18:05 of 1st period - Shot by Artemi Panarin.
18:05 of 1st period - Shot Misses the Net.
18:07 of 1st period - Shot by Willie Mitchell.
18:07 of 1st period - Stopped by Jonathan Quick with a rebound.
19:11 of 1st period - Shot by Alex Galchenyuk.
19:11 of 1st period - Stopped by Jonathan Quick with a rebound.
19:52 of 1st period - Icing by Jason Demers.
19:53 of 1st period - Sam Bennett wins face-off versus Brad Malone in BlackHawks zone.
19:53 of 1st period - Sam Bennett is hit by David Backes.
Goals for this period are 0 for Stars vs 1 for BlackHawks.
Shots for this period are 5 for Stars vs 16 for BlackHawks.

2nd period


0:01 of 2nd period - David Backes wins face-off versus Ryan OReilly in neutral zone.
0:03 of 2nd period - Patrik Elias is hit by Tom Wilson and loses puck.
0:26 of 2nd period - Shot by Tom Wilson.
0:26 of 2nd period - Shot Blocked by Kris Letang.
0:34 of 2nd period - Shot by Ryan OReilly.
0:34 of 2nd period - Stopped by Jonathan Quick with a rebound.
0:36 of 2nd period - Shot by Ryan OReilly.
0:36 of 2nd period - Stopped by Jonathan Quick without a rebound.
0:37 of 2nd period - Alex Galchenyuk wins face-off versus Sidney Crosby in Stars zone.
1:45 of 2nd period - Shot by Sam Bennett.
1:45 of 2nd period - Shot Blocked by Duncan Keith.
1:47 of 2nd period - Shot by Jason Chimera.
1:47 of 2nd period - Stopped by Jonathan Quick without a rebound.
1:48 of 2nd period - David Backes wins face-off versus Ryan OReilly in Stars zone.
1:48 of 2nd period - David Backes is hit by Tom Wilson.
2:06 of 2nd period - Shot by Ryan OReilly.
2:06 of 2nd period - Stopped by Jonathan Quick with a rebound.
2:08 of 2nd period - Shot by Ryan OReilly.
2:08 of 2nd period - Goal by Ryan OReilly - Stars : 0 - BlackHawks : 2.
2:09 of 2nd period - John Mitchell wins face-off versus Sam Bennett in neutral zone.
2:18 of 2nd period - Shot by Cody McLeod.
2:18 of 2nd period - Stopped by Craig Anderson without a rebound.
2:19 of 2nd period - David Backes wins face-off versus Artemi Panarin in BlackHawks zone.
2:19 of 2nd period - David Backes is hit by Willie Mitchell.
2:29 of 2nd period - Shot by Artemi Panarin.
2:29 of 2nd period - Shot Misses the Net.
3:26 of 2nd period - Shot by Alex Galchenyuk.
3:26 of 2nd period - Deflect By Jack Eichel.
3:26 of 2nd period - Shot Misses the Net.
3:28 of 2nd period - Shot by Jack Eichel.
3:28 of 2nd period - Stopped by Jonathan Quick without a rebound.
3:29 of 2nd period - Sidney Crosby wins face-off versus Sam Bennett in Stars zone.
3:34 of 2nd period - Shot by Sidney Crosby.
3:34 of 2nd period - Shot Misses the Net.
4:11 of 2nd period - Ryan Callahan is hit by Zack Kassian and loses puck.
4:28 of 2nd period - Shot by Jack Eichel.
4:28 of 2nd period - Stopped by Jonathan Quick without a rebound.
4:29 of 2nd period - Ryan OReilly wins face-off versus John Mitchell in Stars zone.
4:29 of 2nd period - Ryan OReilly is hit by Clayton Stoner.
4:38 of 2nd period - Tom Wilson is hit by Clayton Stoner and loses puck.
5:40 of 2nd period - Icing by Clayton Stoner.
5:41 of 2nd period - John Mitchell wins face-off versus Trevor Lewis in Stars zone.
6:13 of 2nd period - Shot by Nikita Kucherov.
6:13 of 2nd period - Shot Blocked by Adam McQuaid.
6:15 of 2nd period - Shot by Nikita Kucherov.
6:15 of 2nd period - Deflect By David Backes.
6:15 of 2nd period - Stopped by Craig Anderson without a rebound.
6:16 of 2nd period - Sidney Crosby wins face-off versus Jack Eichel in BlackHawks zone.
6:31 of 2nd period - Shot by Alex Galchenyuk.
6:31 of 2nd period - Deflect By Jack Eichel.
6:31 of 2nd period - Shot Misses the Net.
6:33 of 2nd period - Shot by Jack Eichel.
6:33 of 2nd period - Goal by Jack Eichel - Stars : 0 - BlackHawks : 3.
6:34 of 2nd period - David Backes wins face-off versus Artemi Panarin in neutral zone.
6:37 of 2nd period - Tom Wilson is hit by David Backes and loses puck.
7:54 of 2nd period - Sidney Crosby is hit by Jason Demers and loses puck.
8:12 of 2nd period - Shot by Sidney Crosby.
8:12 of 2nd period - Stopped by Craig Anderson without a rebound.
8:13 of 2nd period - Sam Bennett wins face-off versus John Mitchell in BlackHawks zone.
8:21 of 2nd period - Shot by John Mitchell.
8:21 of 2nd period - Shot Misses the Net.
8:23 of 2nd period - Shot by Cody McLeod.
8:23 of 2nd period - Stopped by Craig Anderson without a rebound.
8:24 of 2nd period - John Mitchell wins face-off versus Trevor Lewis in BlackHawks zone.
8:24 of 2nd period - Olli Maatta is hit by Adam McQuaid and loses puck.
8:30 of 2nd period - Icing by Adam McQuaid.
8:31 of 2nd period - Trevor Lewis wins face-off versus Sidney Crosby in BlackHawks zone.
8:33 of 2nd period - John-Michael Liles is hit by Ryan Callahan and loses puck.
9:00 of 2nd period - Jake Virtanen is hit by Kris Letang and loses puck.
9:08 of 2nd period - Icing by Kris Letang.
9:09 of 2nd period - Sidney Crosby wins face-off versus Ryan OReilly in Stars zone.
9:09 of 2nd period - Ryan Callahan is hit by Tom Wilson and loses puck.
11:29 of 2nd period - John Mitchell is hit by Michael McCarron and loses puck.
11:36 of 2nd period - Shot by Michael McCarron.
11:36 of 2nd period - Stopped by Jonathan Quick without a rebound.
11:37 of 2nd period - Ryan OReilly wins face-off versus Patrik Elias in Stars zone.
11:40 of 2nd period - Shot by Artemi Panarin.
11:40 of 2nd period - Deflect By Ryan OReilly.
11:40 of 2nd period - Stopped by Jonathan Quick without a rebound.
11:41 of 2nd period - Ryan OReilly wins face-off versus David Backes in Stars zone.
11:46 of 2nd period - Shot by Ryan OReilly.
11:46 of 2nd period - Shot Misses the Net.
13:02 of 2nd period - Shot by Alex Galchenyuk.
13:02 of 2nd period - Shot Misses the Net.
13:04 of 2nd period - Shot by John Klingberg.
13:04 of 2nd period - Shot Misses the Net.
13:06 of 2nd period - Shot by Michael McCarron.
13:06 of 2nd period - Stopped by Jonathan Quick without a rebound.
13:07 of 2nd period - John Mitchell wins face-off versus Trevor Lewis in Stars zone.
13:07 of 2nd period - John Mitchell is hit by Jake Virtanen.
13:24 of 2nd period - Icing by Olli Maatta.
13:25 of 2nd period - John Mitchell wins face-off versus Sam Bennett in Stars zone.
13:40 of 2nd period - Shot by John Mitchell.
13:40 of 2nd period - Shot Misses the Net.
13:42 of 2nd period - Shot by John Mitchell.
13:42 of 2nd period - Shot Misses the Net.
13:58 of 2nd period - Minor Penalty to Dion Phaneuf for Hooking.
13:59 of 2nd period - Ryan OReilly wins face-off versus Sidney Crosby in BlackHawks zone.
14:09 of 2nd period - Off-side.
14:10 of 2nd period - David Backes wins face-off versus Ryan OReilly in neutral zone.
14:23 of 2nd period - Shot by David Backes.
14:23 of 2nd period - Deflect By Patrik Elias.
14:23 of 2nd period - Shot Misses the Net.
16:29 of 2nd period - Dion Phaneuf is hit by Kris Letang.
16:35 of 2nd period - Shot by Alex Galchenyuk.
16:35 of 2nd period - Stopped by Jonathan Quick without a rebound.
16:36 of 2nd period - Trevor Lewis wins face-off versus Brad Malone in Stars zone.
16:49 of 2nd period - Deryk Engelland is hit by David Backes and loses puck.
17:04 of 2nd period - Shot by Nikita Kucherov.
17:04 of 2nd period - Shot Misses the Net.
17:06 of 2nd period - Shot by Mark Stuart.
17:06 of 2nd period - Stopped by Craig Anderson without a rebound.
17:07 of 2nd period - Sam Bennett wins face-off versus Sidney Crosby in BlackHawks zone.
17:14 of 2nd period - Shot by Sam Bennett.
17:14 of 2nd period - Goal by Sam Bennett - Stars : 0 - BlackHawks : 4.
17:15 of 2nd period - Sidney Crosby wins face-off versus Ryan OReilly in neutral zone.
17:22 of 2nd period - Shot by Jonathan Huberdeau.
17:22 of 2nd period - Stopped by Craig Anderson without a rebound.
17:23 of 2nd period - Ryan OReilly wins face-off versus Sidney Crosby in BlackHawks zone.
17:46 of 2nd period - Icing by Ryan OReilly.
17:47 of 2nd period - Ryan OReilly wins face-off versus David Backes in BlackHawks zone.
17:55 of 2nd period - Icing by Patrik Elias.
17:56 of 2nd period - David Backes wins face-off versus Jack Eichel in Stars zone.
18:10 of 2nd period - John Klingberg is hit by Clayton Stoner and loses puck.
18:18 of 2nd period - Alex Galchenyuk is hit by Clayton Stoner and loses puck.
19:16 of 2nd period - Shot by Artemi Panarin.
19:16 of 2nd period - Shot Misses the Net.
19:28 of 2nd period - Shot by Jonathan Huberdeau.
19:28 of 2nd period - Shot Blocked by Jason Demers.
19:32 of 2nd period - Shot by Sidney Crosby.
19:32 of 2nd period - Stopped by Craig Anderson without a rebound.
19:33 of 2nd period - Sam Bennett wins face-off versus John Mitchell in BlackHawks zone.
19:33 of 2nd period - Minor Penalty to Cody McLeod for Interference.
19:34 of 2nd period - David Backes wins face-off versus Ryan OReilly in Stars zone.
19:34 of 2nd period - David Backes is hit by Sam Bennett.
Goals for this period are 0 for Stars vs 3 for BlackHawks.
Shots for this period are 7 for Stars vs 13 for BlackHawks.

3rd period


0:01 of 3rd period - Ryan OReilly wins face-off versus David Backes in neutral zone.
0:01 of 3rd period - Artemi Panarin is hit by Ryan Callahan and loses puck.
1:01 of 3rd period - Icing by Artemi Panarin.
1:02 of 3rd period - Sidney Crosby wins face-off versus Ryan OReilly in BlackHawks zone.
1:35 of 3rd period - Shot by Jake Virtanen.
1:35 of 3rd period - Stopped by Jonathan Quick with a rebound.
2:35 of 3rd period - Duncan Keith is hit by Michael McCarron and loses puck.
2:46 of 3rd period - Shot by Nikita Kucherov.
2:46 of 3rd period - Stopped by Craig Anderson with a rebound.
3:11 of 3rd period - Off-side.
3:12 of 3rd period - Sidney Crosby wins face-off versus Ryan OReilly in neutral zone.
3:39 of 3rd period - Shot by Ryan OReilly.
3:39 of 3rd period - Stopped by Jonathan Quick without a rebound.
3:40 of 3rd period - John Mitchell wins face-off versus Sam Bennett in Stars zone.
3:51 of 3rd period - Zack Kassian is hit by Cody McLeod and loses puck.
4:39 of 3rd period - Shot by Sidney Crosby.
4:39 of 3rd period - Shot Misses the Net.
4:41 of 3rd period - Shot by Sidney Crosby.
4:41 of 3rd period - Shot Misses the Net.
4:52 of 3rd period - Shot by Ryan Callahan.
4:52 of 3rd period - Shot Blocked by Sam Bennett.
4:54 of 3rd period - Shot by Ryan Callahan.
4:54 of 3rd period - Shot Blocked by John-Michael Liles.
4:58 of 3rd period - Shot by Ryan Callahan.
4:58 of 3rd period - Shot Misses the Net.
5:00 of 3rd period - Shot by Ryan Callahan.
5:00 of 3rd period - Stopped by Craig Anderson without a rebound.
5:01 of 3rd period - Ryan OReilly wins face-off versus David Backes in BlackHawks zone.
5:27 of 3rd period - Shot by Patrik Elias.
5:27 of 3rd period - Shot Misses the Net.
5:31 of 3rd period - Shot by Nikita Kucherov.
5:31 of 3rd period - Shot Misses the Net.
6:01 of 3rd period - Off-side.
6:02 of 3rd period - Jack Eichel wins face-off versus John Mitchell in neutral zone.
6:02 of 3rd period - Jack Eichel is hit by Cody McLeod.
6:14 of 3rd period - Shot by John Mitchell.
6:14 of 3rd period - Stopped by Craig Anderson without a rebound.
6:15 of 3rd period - Sidney Crosby wins face-off versus Trevor Lewis in BlackHawks zone.
6:18 of 3rd period - Shot by Jonathan Huberdeau.
6:18 of 3rd period - Deflect By Sidney Crosby.
6:18 of 3rd period - Stopped by Craig Anderson with a rebound.
6:21 of 3rd period - Icing by Jason Demers.
6:22 of 3rd period - Trevor Lewis wins face-off versus Sidney Crosby in BlackHawks zone.
6:22 of 3rd period - Trevor Lewis is hit by Ryan Callahan.
6:25 of 3rd period - Icing by Deryk Engelland.
6:26 of 3rd period - Trevor Lewis wins face-off versus David Backes in BlackHawks zone.
6:26 of 3rd period - Trevor Lewis is hit by David Backes.
6:35 of 3rd period - Icing by Adam Pardy.
6:36 of 3rd period - Michael McCarron wins face-off versus Patrik Elias in Stars zone.
6:45 of 3rd period - Shot by Alex Galchenyuk.
6:45 of 3rd period - Shot Blocked by David Backes.
7:46 of 3rd period - Shot by Jonathan Huberdeau.
7:46 of 3rd period - Shot Blocked by Dion Phaneuf.
7:48 of 3rd period - Shot by Mark Stuart.
7:48 of 3rd period - Stopped by Craig Anderson with a rebound.
7:50 of 3rd period - Shot by Ryan Callahan.
7:50 of 3rd period - Shot Misses the Net.
7:55 of 3rd period - Sidney Crosby is hit by Dion Phaneuf and loses puck.
8:35 of 3rd period - Cody McLeod is hit by Tom Wilson and loses puck.
9:16 of 3rd period - Shot by David Backes.
9:16 of 3rd period - Stopped by Craig Anderson without a rebound.
9:17 of 3rd period - David Backes wins face-off versus Jack Eichel in BlackHawks zone.
9:41 of 3rd period - Shot by Alex Galchenyuk.
9:41 of 3rd period - Stopped by Jonathan Quick without a rebound.
9:42 of 3rd period - Sidney Crosby wins face-off versus Sam Bennett in Stars zone.
9:57 of 3rd period - Shot by Zack Kassian.
9:57 of 3rd period - Stopped by Jonathan Quick without a rebound.
9:58 of 3rd period - John Mitchell wins face-off versus Jack Eichel in Stars zone.
9:58 of 3rd period - John Mitchell is hit by Michael McCarron.
10:15 of 3rd period - Shot by Alex Galchenyuk.
10:15 of 3rd period - Stopped by Jonathan Quick without a rebound.
10:16 of 3rd period - David Backes wins face-off versus Sam Bennett in Stars zone.
10:18 of 3rd period - Icing by Nikita Kucherov.
10:19 of 3rd period - David Backes wins face-off versus Jack Eichel in Stars zone.
10:31 of 3rd period - Shot by Nikita Kucherov.
10:31 of 3rd period - Shot Misses the Net.
10:33 of 3rd period - Shot by Kris Letang.
10:33 of 3rd period - Stopped by Craig Anderson without a rebound.
10:34 of 3rd period - Ryan OReilly wins face-off versus Sidney Crosby in BlackHawks zone.
10:53 of 3rd period - Shot by Jonathan Huberdeau.
10:53 of 3rd period - Shot Misses the Net.
10:55 of 3rd period - Shot by Ryan Callahan.
10:55 of 3rd period - Stopped by Craig Anderson without a rebound.
10:56 of 3rd period - Jack Eichel wins face-off versus David Backes in BlackHawks zone.
10:56 of 3rd period - John Klingberg is hit by David Backes and loses puck.
11:07 of 3rd period - Shot by Nikita Kucherov.
11:07 of 3rd period - Shot Misses the Net.
11:19 of 3rd period - Jack Eichel is hit by David Backes and loses puck.
11:59 of 3rd period - Minor Penalty to Mark Stuart for Holding.
12:00 of 3rd period - Ryan OReilly wins face-off versus David Backes in Stars zone.
12:01 of 3rd period - Shot by Artemi Panarin.
12:01 of 3rd period - Shot Hit the Post.
12:03 of 3rd period - Shot by Artemi Panarin.
12:03 of 3rd period - Deflect By Ryan OReilly.
12:03 of 3rd period - Stopped by Jonathan Quick without a rebound.
12:04 of 3rd period - Ryan OReilly wins face-off versus Patrik Elias in Stars zone.
12:19 of 3rd period - Icing by Ryan OReilly.
12:20 of 3rd period - Ryan OReilly wins face-off versus David Backes in BlackHawks zone.
12:50 of 3rd period - Icing by John-Michael Liles.
12:51 of 3rd period - Ryan OReilly wins face-off versus Patrik Elias in BlackHawks zone.
12:51 of 3rd period - Ryan OReilly is hit by Patrik Elias.
13:48 of 3rd period - Shot by Jack Eichel.
13:48 of 3rd period - Shot Blocked by David Backes.
14:32 of 3rd period - Shot by Deryk Engelland.
14:32 of 3rd period - Stopped by Jonathan Quick with a rebound.
16:36 of 3rd period - Icing by Jack Eichel.
16:37 of 3rd period - Sidney Crosby wins face-off versus Jack Eichel in BlackHawks zone.
16:37 of 3rd period - Sidney Crosby is hit by Jason Demers.
16:42 of 3rd period - Minor Penalty to Dion Phaneuf for Interference.
16:43 of 3rd period - Sidney Crosby wins face-off versus Ryan OReilly in BlackHawks zone.
17:12 of 3rd period - Shot by Sidney Crosby.
17:12 of 3rd period - Stopped by Craig Anderson without a rebound.
17:13 of 3rd period - David Backes wins face-off versus Ryan OReilly in BlackHawks zone.
17:22 of 3rd period - Shot by Kris Letang.
17:22 of 3rd period - Shot Misses the Net.
17:24 of 3rd period - Shot by Ryan Callahan.
17:24 of 3rd period - Shot Misses the Net.
17:26 of 3rd period - Shot by Patrik Elias.
17:26 of 3rd period - Shot Misses the Net.
17:48 of 3rd period - Deryk Engelland is hit by Ryan Callahan.
17:53 of 3rd period - Off-side.
17:54 of 3rd period - Ryan OReilly wins face-off versus Sidney Crosby in neutral zone.
17:56 of 3rd period - John Klingberg is hit by Olli Maatta and loses puck.
19:11 of 3rd period - Shot by Jack Eichel.
19:11 of 3rd period - Shot Misses the Net.
19:13 of 3rd period - Shot by Jack Eichel.
19:13 of 3rd period - Stopped by Jonathan Quick without a rebound.
19:14 of 3rd period - Ryan OReilly wins face-off versus David Backes in Stars zone.
19:14 of 3rd period - Artemi Panarin is hit by Kris Letang.
19:27 of 3rd period - Shot by David Backes.
19:27 of 3rd period - Stopped by Craig Anderson without a rebound.
19:28 of 3rd period - Jonathan Huberdeau wins face-off versus Sam Bennett in BlackHawks zone.
19:33 of 3rd period - Shot by Jonathan Huberdeau.
19:33 of 3rd period - Stopped by Craig Anderson without a rebound.
19:34 of 3rd period - Ryan OReilly wins face-off versus Sidney Crosby in BlackHawks zone.
Goals for this period are 0 for Stars vs 0 for BlackHawks.
Shots for this period are 11 for Stars vs 8 for BlackHawks.